Unix NetHack Version 3.7.0-83 Work-in-progress - last build Apr 28 2023 22:06:38 (2625824c38750939014cf799bb7ff71c9e9c2d48,branch:master). Game began 2023-05-01 17:13:41, ended 2023-05-02 13:16:47. MaestroSpook, lawful female human Monk ------- ----- |.$$$$|-- ------...| |1.$$$+.| |........| --|?.1..|-| |........| |a1..11.+.| ----.------- |f|221.1|-| --......%..| |@|1.1..+.| |..........| |d|1..11|-- |.....[....| |.|------ --------[----- |.| |....[.......| |.| |.....[......| |.| |----.-------- |.| |0........%0| |%| |...........| |.| ------.------- |.----------------.......| |.......................>| -------------------------- MaestroSpook the Initiate St:25 Dx:13 Co:15 In:8 Wi:13 Ch:13 Lawful Dlvl:3 $:447 HP:0(61) Pw:46(47) AC:-1 Xp:8/2493 T:6467 Latest messages: Your position suddenly seems very uncertain! A mysterious force prevents you from teleporting! You kill the quantum mechanic! You have a little trouble lifting a runed spear. Continue? [ynq] (q) You have a little trouble lifting j - a runed spear. Your movements are slowed slightly because of your load. The gnome queen shoots 2 crossbow bolts! The 1st crossbow bolt hits the Green-elf. The 2nd crossbow bolt misses the Green-elf. You are hit by the 2nd crossbow bolt. You swap places with your dog. What do you want to drop? [$a-ln-zA-WYZ or ?*] You drop a runed spear. Your movements are now unencumbered. You hear some noises. The large dog picks up a crossbow bolt. The large dog misses the lynx. The large dog misses the lynx. The large dog drops a crossbow bolt. The large dog misses the lynx. The large dog picks up a crossbow bolt. The large dog bites the lynx. The lynx hits the large dog. The lynx hits the large dog. The lynx bites the large dog. The large dog drops a crossbow bolt. You swap places with your large dog. The lynx hits! The lynx hits again! The lynx bites! You miss the lynx. The lynx hits! The lynx hits again! The lynx bites! You hit the lynx! The lynx hits! The lynx hits again! The lynx bites! You stop. Your large dog is in the way! The lynx hits! The lynx hits again! The lynx bites! # Are you sure you want to pray? [yn] (n) You begin praying to Shan Lai Ching. The lynx just misses! The lynx hits! The lynx bites! The lynx hits! You die... Inventory: Coins ('$') $ - 447 gold pieces Weapons (')') B - 6 uncursed +0 shuriken named ammo I - an uncursed +0 spear named ammo Armor ('[') k - a blessed +1 orcish helm (being worn) o - a cursed +2 pair of gauntlets of power (being worn) V - a blessed +1 pair of iron shoes (being worn) b - an uncursed +1 robe (being worn) Comestibles ('%') g - 6 uncursed apples Y - 2 uncursed apples r - 11 uncursed food rations i - 2 uncursed fortune cookies h - 6 uncursed oranges v - 2 uncursed sprigs of wolfsbane p - 2 uncursed lichen corpses O - an uncursed lizard corpse Scrolls ('?') S - a blessed scroll of confuse monster K - an uncursed scroll of destroy armor x - an uncursed scroll of earth z - a cursed scroll of earth d - an uncursed scroll of gold detection P - an uncursed scroll of magic mapping Spellbooks ('+') t - an uncursed spellbook of detect food L - an uncursed spellbook of detect monsters c - a blessed spellbook of healing T - an uncursed spellbook of sleep Potions ('!') s - a cursed potion of polymorph f - an uncursed potion of sickness Rings ('=') y - an uncursed ring of levitation A - an uncursed ring of protection from shape changers J - an uncursed ring of protection from shape changers e - an uncursed ring of stealth C - an uncursed ring of teleport control W - an uncursed ring of teleport control Wands ('/') G - an uncursed wand of cold (0:5) D - a blessed wand of create monster (0:13) n - an uncursed wand of light (0:13) w - an uncursed wand of lightning (0:0) a - an uncursed wand of locking (0:7) U - an uncursed wand of magic missile (0:3) F - an uncursed wand of probing (0:6) N - an uncursed wand of striking (0:6) Z - an uncursed wand of striking (0:3) q - an uncursed wand of undead turning (0:4) Tools ('(') H - an empty uncursed sack u - an uncursed bag of tricks (0:15) Q - an uncursed credit card l - an uncursed +0 pick-axe (weapon in hand) E - an uncursed +0 unicorn horn Gems/Stones ('*') M - an uncursed jet stone R - 3 uncursed worthless pieces of green glass MaestroSpook the Monk's attributes: Background: You were an Initiate, a level 8 female human Monk. You were lawful, on a mission for Shan Lai Ching who was opposed by Chih Sung-tzu (neutral) and Huan Ti (chaotic). You were in Sokoban, on level 3. You entered the dungeon 6467 turns ago. You had 2493 experience points, 67 more were needed to attain level 9. Basics: You had 0 out of 61 hit points. You had 46 out of 47 energy points (spell power). Your armor class was -1. Your wallet contained 447 zorkmids. Autopickup was on for '$%?!"=/*', with exceptions. Final Characteristics: Your strength was 25 (base:16, innate limit:18/100). Your dexterity was 13 (limit:18). Your constitution was 15 (limit:18). Your intelligence was 8 (limit:18). Your wisdom was 13 (limit:18). Your charisma was 13 (limit:18). Final Status: You were not hungry. You were unencumbered. You were wielding a pick-axe. You had no skill with pick-axe. Final Attributes: You were piously aligned. You were sleep resistant. You were poison resistant. You saw invisible. You were warned. You were stealthy. You were guarded. You were fast. You were unlucky. You are dead. Miscellaneous: You disabled loading of bones levels. Total elapsed playing time was 1 hour, 30 minutes and 59 seconds. Major events: Turn 1: MaestroSpook the lawful female human Monk entered the dungeon 669: entered the Gnomish Mines 675: attained the rank of Novice (level 3) 2847: made her first wish - "blessed fixed +2 gauntlets of power", got "a pair of old gloves" 2881: attained the rank of Initiate (level 6) 3022: entered Sokoban 3258: completed 1st Sokoban level 3802: completed 2nd Sokoban level 5355: completed 3rd Sokoban level 6242: completed 4th Sokoban level 6467: killed by a lynx, while praying Vanquished creatures: a giant mimic a xan 2 quantum mechanics a tiger a dwarf ruler an ochre jelly an elf mummy a carnivorous ape a leather golem a chameleon a giant beetle 4 winter wolf cubs 2 leprechauns a mumak a scorpion a forest centaur a gnome ruler 2 owlbears a lizard a chickatrice a housecat a gray unicorn a snake 3 apes a human zombie a Woodland-elf 3 soldier ants a fire ant 3 bugbears 2 imps 2 water nymphs a rock mole 2 ponies a fog cloud a violet fungus 4 gnome leaders a gnomish wizard 4 elf zombies a ghoul a paper golem a floating eye a kitten a dwarf a homunculus 9 hill orcs 2 rothes 2 centipedes 2 giant bats a monkey 4 orc zombies a dwarf zombie a wererat 3 werejackals 3 iguanas an acid blob a hobbit 6 manes 8 hobgoblins a brown mold 11 gnomes a gecko 2 jackals a fox a kobold 5 goblins a sewer rat 6 grid bugs 4 bats 9 lichens 2 kobold zombies 5 newts 158 creatures vanquished. No species were genocided or became extinct. Voluntary challenges: You read items or engraved 3 times. You never engraved Elbereth. You never genocided any monsters. You never polymorphed an object. You never changed form. You used 1 wish. You did not wish for any artifacts. You violated the special Sokoban rules once. Achievements: You entered a shop. You entered the Gnomish Mines. You attained the rank of Novice. You attained the rank of Initiate. You entered Sokoban. The Dungeons of Doom: levels 1 to 8 Level 1: A fountain, some graves. Level 2: A general store, a fountain. Level 3: A sink. Stairs down to The Gnomish Mines. Level 4: A fountain, a grave. Level 5: A fountain. Level 6: Many fountains. Level 7: Stairs up to Sokoban, level 6. Level 8: A fountain. The Gnomish Mines: Level 4: Sokoban: levels 6 up to 3 Level 3: <- You were here. Solved. Final resting place for you, killed by a lynx, while praying. Level 4: Solved. Level 5: Solved. Level 6: Solved. Game over: ---------- / \ / REST \ / IN \ / PEACE \ / \ | MaestroSpook | | 447 Au | | killed by a lynx | | | | | | | | 2023 | *| * * * | * _________)/\\_//(\/(/\)/\//\/|_)_______ Goodbye MaestroSpook the Monk... You died in Sokoban on dungeon level 3 with 10765 points, and 447 pieces of gold, after 6467 moves. You were level 8 with a maximum of 61 hit points when you died.